 Dungeon Crawl Stone Soup version 0.19.0-11-g3fc08b3 (webtiles) character file.

102 Gargoyl the Skirmisher (level 4, -5/35 HPs)
             Began as a Demonspawn Abyssal Knight on Nov 10, 2016.
             Was a Follower of Lugonu.
             Slain by an ogre
             ... wielding a +0 giant club
              (22 damage)
             ... on level 3 of the Dungeon.
             The game lasted 00:05:19 (2105 turns).

Gargoyl the Skirmisher (Demonspawn Abyssal Knight)  Turns: 2105, Time: 00:05:19

Health: -5/35      AC:  9    Str: 17    XL:     4   Next: 49%
Magic:  6/6        EV:  9    Int: 16    God:    Lugonu [*.....]
Gold:   206        SH:  0    Dex: 12    Spells: 0 memorised, 3 levels left

rFire  . . .     SeeInvis .     d - +9 hand crossbow "Buxke" {flame, rElec Str+3 Int+3}
rCold  . . .     Gourm    .     j - +0 scale mail
rNeg   . . .     Faith    .     (no shield)
rPois  .         Spirit   .     (helmet restricted)
rElec  +         Reflect  .     f - +1 cloak
rCorr  .         Harm     .     o - +0 pair of gloves
MR     .....                    (no boots)
Stlth  +.........               (no amulet)
                                (no ring)
                                (no ring)

@: no status effects
A: antennae 1, hooves 1, nightstalker 1
a: Depart the Abyss, Renounce Religion


You were on level 3 of the Dungeon.
You worshipped Lugonu.
Lugonu was aware of your devotion.
You were hungry.

You visited 1 branch of the dungeon, and saw 3 of its levels.
You visited the Abyss 1 time.

You collected 206 gold pieces.

Inventory:

Hand Weapons
 a - a +1 hand axe
 d - the +9 hand crossbow "Buxke" (weapon) {flame, rElec Str+3 Int+3}
   (You found it on level 2 of the Abyss)

   It causes projectiles fired from it to burn those they strike, causing extra
   injury to most foes and up to half again as much damage against particularly
   susceptible opponents.
   It affects your strength (+3).
   It affects your intelligence (+3).
   It insulates you from electricity.
Missiles
 g - a bolt (quivered)
 h - 2 tomahawks
Armour
 f - a +1 cloak (worn)
 j - a +0 scale mail (worn)
 o - a +0 pair of gloves (worn)
Jewellery
 m - an uncursed ring of magical power {unknown}
Wands
 t - a wand of acid (1/15)
Scrolls
 e - 4 scrolls of teleportation
 n - 2 scrolls of immolation {unknown}
 p - 2 scrolls of identify
 q - a scroll of remove curse {unknown}
 r - a scroll of random uselessness {unknown}
 s - a scroll of enchant weapon {unknown}
 v - a scroll of magic mapping
Potions
 b - 2 potions of degeneration {unknown}
 i - a potion of berserk rage {unknown}
 k - 2 potions of heal wounds {unknown}
 l - a potion of might {unknown}
 u - 2 potions of flight {unknown}
Comestibles
 c - 3 bread rations


   Skills:
 + Level 3.5 Fighting
 + Level 2.0 Axes
 + Level 1.8 Crossbows
 * Level 2.4 Armour
 + Level 1.1 Dodging
 * Level 3.5 Invocations


You had 3 spell levels left.
You didn't know any spells.

Dungeon Overview and Level Annotations

Branches:
Dungeon (3/15)

Altars:
Gozag
Vehumet

Shops:
D:2 *


Innate Abilities, Weirdness & Mutations

You have a pair of small antennae on your head.
You have large cloven feet.
You are slightly more attuned to the shadows.


Message History

Press: ? - help, Shift-Dir - straight line, f/p - ogre
Aim: an ogre, wielding a giant club You shoot a bolt.
The bolt hits the ogre!
The bolt burns the ogre.
The ogre is moderately wounded.
An adder comes into view.
Firing (i - inventory. (,) - cycle):
g - 3 bolts (quivered)
Press: ? - help, Shift-Dir - straight line, f/p - ogre
Aim: an ogre, wielding a giant club (moderately wounded)
You shoot a bolt. The bolt barely misses the ogre.
The adder hisses angrily.
The ogre hits you with a giant club!!
Ouch! That really hurt!
Firing (i - inventory. (,) - cycle):
g - 2 bolts (quivered)
Press: ? - help, Shift-Dir - straight line, f/p - ogre
Aim: an ogre, wielding a giant club (moderately wounded)
You shoot a bolt. The bolt hits the ogre!
The bolt burns the ogre.
The ogre is severely wounded.
The ogre hits you with a giant club!!
Ouch! That really hurt!
You die...

# # #......( .
#....!.. # #....... #
#...(... # #........
..# # #.O......##... .
#.###@..S....#... .
#...............# .
#####...........#####.
#.##.................
#.##.#.####........#.
#.##...............#.
#.####.#.##........#.
#.# #.#.##.###....#.
##.####.#.##.###....#.


You could see an ogre and an adder.

Vanquished Creatures
  4 adders
  3 oozes
  A worm (D:3)
  A dart slug (D:3)
  A leopard gecko (D:3)
  An orc (D:3)
  7 bats
  3 giant cockroaches
  4 goblins
  A hobgoblin (D:2)
  4 jackals (D:2)
  3 quokkas (D:2)
  A ball python (D:1)
  4 frilled lizards
  6 kobolds
  2 rats (D:1)
46 creatures vanquished.

Notes
Turn   | Place    | Note
-------+----------+-------------------------------------------
     0 | Abyss:1  | Gargoyl the Demonspawn Abyssal Knight began the quest for the Orb.
     0 | Abyss:1  | Reached XP level 1. HP: 18/18 MP: 2/2
    53 | Abyss:2  | Found a shadowy altar of Dithmenos.
    60 | Abyss:2  | Got a bloodstained hand crossbow
   125 | Abyss:3  | Noticed a mottled draconian shifter
   126 | D:1      | Escaped the Abyss
   222 | D:1      | Identified the +9 hand crossbow "Buxke" {flame, rElec Str+3 Int+3} (You found it on level 2 of the Abyss)
   352 | D:1      | Reached skill level 1 in Dodging
   405 | D:1      | Gained mutation: You have large cloven feet. [demonic ancestry]
   405 | D:1      | Reached XP level 2. HP: 24/24 MP: 3/3
   899 | D:2      | Found a radiant altar of Vehumet.
  1101 | D:2      | Found Gozag's Platinum Reserve.
  1107 | D:2      | Gained mutation: You have a pair of small antennae on your head. [demonic ancestry]
  1107 | D:2      | Reached XP level 3. HP: 29/29 MP: 5/5
  1114 | D:2      | Reached * piety under Lugonu
  1179 | D:2      | Found an opulent altar of Gozag.
  1380 | D:2      | Reached skill level 1 in Crossbows
  1536 | D:3      | Gained mutation: You are slightly more attuned to the shadows. [demonic ancestry]
  1536 | D:3      | Reached XP level 4. HP: 35/35 MP: 6/6
  1753 | D:3      | Found a faded altar of an unknown god.
  2101 | D:3      | Noticed an ogre
  2105 | D:3      | Slain by an ogre

Skill      XL: |  1  2  3 |
---------------+----------+-----
Dodging        | 1 |  1.1
Armour         | 2 |  2.4
Axes           | 2 |  2.0
Invocations    | 3 |  3.5
Crossbows      | 1 |  1.8
Fighting       | |  3.5

Action                   |  1- 3 |  4- 6 || total
-------------------------+-------+-------++-------
Melee: Hand axe          |     1 |     2 ||     3
 Fire: Hand crossbow     |    59 |    26 ||    85
Throw: Tomahawk          |       |     3 ||     3
Invok: Depart the Abyss  |     1 |       ||     1
  Use: Scroll            |     3 |       ||     3
  Eat: Chunk             |     2 |     1 ||     3
Armor: Leather armour    |     2 |       ||     2
       Scale mail        |    14 |     7 ||    21
Dodge: Dodged            |    15 |     7 ||    22
